 Dungeon Crawl Stone Soup version 0.27.1-34-g3ba077fa99 (webtiles) character file.

Game seed: 15583121190144713751

181 growler the Gusty (level 5, -1/28 HPs)
             Began as a Tengu Air Elementalist on Jan 4, 2022.
             Slain by a centaur (5 damage)
             ... on level 3 of the Dungeon.
             The game lasted 00:11:24 (4022 turns).

growler the Gusty (Tengu Air Elementalist)          Turns: 4022, Time: 00:11:25

Health: -1/28      AC:  3    Str:  8    XL:     5   Next: 61%
Magic:  5/11       EV: 14    Int: 17    God:
Gold:   153        SH:  0    Dex: 14    Spells: 0/10 levels left

rFire    + . .     SeeInvis .   k - +0 dagger
rCold    . . .     Faith    .   (no shield)
rNeg     . . .     Spirit   .   a - +0 robe
rPois    .         Reflect  .   (helmet restricted)
rElec    .         Harm     .   o - +0 cloak
rCorr    .         Rampage  .   (no gloves)
Will     .....                  (boots unavailable)
Stlth    ++........             (no amulet)
HPRegen  0.09/turn              i - ring of protection from fire
MPRegen  0.12/turn              (no ring)

@: flying quickly and evasively, quick
A: beak, talons 3, nimble flight
a: no special abilities


You were on level 3 of the Dungeon.
You visited 1 branch of the dungeon, and saw 3 of its levels.

You collected 153 gold pieces.

Inventory:

Hand Weapons
 k - a +0 dagger (weapon)
   (You took it off a goblin on level 2 of the Dungeon)
Armour
 a - a +0 robe (worn)
 o - a +0 cloak (worn)
   (You found it on level 2 of the Dungeon)
Jewellery
 i - a ring of protection from fire (left hand)
   (You found it on level 1 of the Dungeon)
Scrolls
 b - a scroll of enchant weapon {unknown}
 c - 2 scrolls of noise {unknown}
 f - a scroll of vulnerability {unknown}
 g - 4 scrolls of fog {unknown}
 h - a scroll of holy word {unknown}
 j - a scroll of identify {unknown}
 m - 2 scrolls of teleportation {unknown}
 n - a scroll of silence {unknown}
Potions
 d - 2 potions of brilliance {unknown}
 e - a potion of heal wounds {unknown}
 l - a potion of curing {unknown}


   Skills:
 - Level 2.1 Dodging
 - Level 2.0 Stealth
 + Level 3.3 Spellcasting
 + Level 4.1 Conjurations
 + Level 5.7 Air Magic


You couldn't memorise any spells.
You knew the following spells:

 Your Spells              Type           Power      Damage    Failure   Level
a - Shock                 Conj/Air       76%        1d7       2%          1
b - Airstrike             Air            11%        N/A       16%         4
d - Static Discharge      Conj/Air       19%        N/A       3%          2
s - Swiftness             Air            22%        N/A       4%          3

Your spell library contained the following spells:

 Spells                   Type           Power      Damage    Failure   Level


Dungeon Overview and Level Annotations

Branches:
Dungeon (3/15)

Altars:
Elyvilon

Annotations:
D:2 Sigmund


Innate Abilities, Weirdness & Mutations

You have a beak for a mouth.
You have claws for feet.
Your magical nature lets you fly swiftly and evasively.


Message History

Found a leather armour.
Items here: )) [[.
You see here a +0 leather armour.
A frilled lizard comes into view.
The frilled lizard hisses angrily.
You barely miss the frilled lizard.
The frilled lizard completely misses you.
You miss the frilled lizard. The frilled lizard misses you.
You hit the frilled lizard but do no damage.
Your kick misses the frilled lizard. The frilled lizard bites you.
You hit the frilled lizard.
You kill the frilled lizard!
No target in view!
You see here a frilled lizard corpse.
Items here: )) [[.
Items here: )) [[.
What are your orders? t - Shout!
Orders for allies: a - Attack new target. r - Retreat! s - Stop attacking. g - Guard the area. f - Follow me.
Anything else - Cancel.
You shout for attention!
You hear a shout!
What are your orders? t - Shout!
Orders for allies: a - Attack new target. r - Retreat! s - Stop attacking. g - Guard the area. f - Follow me.
Anything else - Cancel.
You shout for attention!
The centaur shoots an arrow.
The arrow closely misses you.
The centaur shoots an arrow.
The arrow hits you!
The centaur unwields a +0 shortbow.
The centaur hits you.
* * * LOW HITPOINT WARNING * * *
The centaur kicks you but does no damage.
The centaur is struck by an arc of lightning!
You are struck by an arc of lightning.
* * * LOW HITPOINT WARNING * * *
The lightning grounds out.
The centaur completely misses you. The centaur barely misses you.
The centaur is struck by an arc of lightning!
You are struck by an arc of lightning.
* * * LOW HITPOINT WARNING * * *
The lightning grounds out.
The centaur barely misses you. The centaur misses you.
The centaur closely misses you. x2
The centaur is struck by an arc of lightning.
You are struck by an arc of lightning.
* * * LOW HITPOINT WARNING * * *
The lightning grounds out.
The centaur hits you.
You die...

#.##.##.#
#.......#
##.......# ..
#......### .
#.###..# ..
#.##..[##.#
#.##.#.##.###
#.##........#
#.@c........#
####...##...#####
#..<......)...
########
##..#.........
######......#
#..##..c#### #
#........##.##
#.........# .#
###.####.#.....#
##)....##.##.#
....# #.####..#
#####.......#
.####
#.####..####
###...###


You could see a centaur.

Vanquished Creatures
  Robin (D:2)
  4 gnolls (D:2)
  3 adders
  A dart slug (D:1)
  3 orcs (D:3)
  5 bats
  8 endoplasms
  12 giant cockroaches
  11 goblins
  11 hobgoblins
  6 jackals
  2 quokkas
  6 ball pythons
  A ball python skeleton (D:2)
  A ball python zombie (D:2)
  3 frilled lizards
  6 kobolds
  7 rats
91 creatures vanquished.

Vanquished Creatures (others)
  8 plants (D:1)
  2 withered plants (D:2)
10 creatures vanquished.

Grand Total: 101 creatures vanquished

Notes
Turn   | Place    | Note
-------+----------+-------------------------------------------
     0 | D:1      | growler the Tengu Air Elementalist began the quest for the
                  | Orb.
     0 | D:1      | Reached XP level 1. HP: 10/10 MP: 4/4
   239 | D:1      | Reached XP level 2. HP: 12/15 MP: 0/6
   306 | D:1      | Found a faded altar of an unknown god.
   654 | D:1      | Reached XP level 3. HP: 19/19 MP: 5/7
  1634 | D:2      | Noticed Robin
  1647 | D:2      | Killed Robin
  1648 | D:2      | Reached skill level 5 in Air Magic
  1648 | D:2      | Reached XP level 4. HP: 21/24 MP: 3/9
  1771 | D:2      | Found a white marble altar of Elyvilon.
  2293 | D:2      | Noticed Sigmund
  2303 | D:2      | Learned a level 2 spell: Static Discharge
  2307 | D:2      | Learned a level 3 spell: Swiftness
  2376 | D:2      | Gained mutation: Your magical nature lets you fly swiftly
                  | and evasively. [Tengu growth]
  2376 | D:2      | Reached XP level 5. HP: 6/28 MP: 0/10
  2782 | D:2      | Learned a level 4 spell: Airstrike
  3084 | D:3      | Noticed a centaur
  4022 | D:3      | Slain by a centaur

Illustrated notes

Levels and vault maps discovered:
D:1:      lemuel_arrival_river_bridge, layout_rooms,
          ebering_ecumenical_altar_box, serial_bayou, serial_bayou_pond_e,
          serial_bayou_pond_a, serial_bayou_shore_a, serial_bayou_lagoon_a
D:2:      minmay_roachtagon, layout_loops_ring, basic_altar, serial_undead,
          serial_undead_a, serial_undead_e, serial_undead_f, serial_undead_e,
          minivault_14, minmay_door_square, kennysheep_generic_room_13,
          uniq_sigmund, uniq_robin
D:3:      layout_loops_cross, corner_web_ring

Skill      XL: |  1  2  3  4  5 |
---------------+----------------+-----
Conjurations   | 2 3 4 |  4.1
Air Magic      | 5 |  5.7
Spellcasting   | 3 |  3.3
Dodging        | |  2.1
Stealth        | |  2.0

Action                   |  1- 3 |  4- 6 || total
-------------------------+-------+-------++-------
Melee: Unarmed           |    14 |     3 ||    17
       Kick              |     4 |     6 ||    10
       Peck              |     3 |       ||     3
       Dagger            |       |    22 ||    22
 Cast: Shock             |    84 |    62 ||   146
       Swiftness         |       |     1 ||     1
       Static Discharge  |       |     6 ||     6
 Stab: Sleeping          |       |     2 ||     2
Armor: Robe              |     8 |     7 ||    15
Dodge: Dodged            |    13 |    25 ||    38
